 Dungeon Crawl Stone Soup version 0.30-a0-557-ge2afbf3030 (webtiles) character file.

Game seed: 4697687653830247985

753 bmack86 the Chopper (level 7, -16/62 HPs)
             Began as a Minotaur Fighter on Dec 28, 2022.
             Was an Initiate of Okawaru.
             Demolished by an ogre
             ... wielding a +0 giant club
              (18 damage)
             ... on level 5 of the Dungeon.
             The game lasted 00:09:58 (3729 turns).

bmack86 the Chopper (Minotaur Fighter)              Turns: 3729, Time: 00:09:58

Health: -16/62     AC:  7    Str: 23    XL:     7   Next: 49%
Magic:  6/6        EV:  9    Int:  5    God:    Okawaru [......]
Gold:   232        SH:  6    Dex:  9    Spells: 6/6 levels left

rFire   . . .      SeeInvis .    a - +0 war axe
rCold   . . .      Faith    .    c - +1 buckler
rNeg    . . .      Spirit   .    b - +0 scale mail
rPois   .          Reflect  .    (helmet restricted)
rElec   .          Harm     .    (no cloak)
rCorr   .          Rampage  .    (no gloves)
Will    .....                    (no boots) Stlth
                                 (no amulet)
HPRegen 0.30/turn                (no ring)
MPRegen 0.10/turn                (no ring)

@: hasted, very quick
A: horns 2, retaliatory headbutt
a: Renounce Religion


You were on level 5 of the Dungeon.
You worshipped Okawaru.
Okawaru was noncommittal.
You visited 2 branches of the dungeon, and saw 6 of its levels.

You collected 232 gold pieces.

Inventory:

Hand Weapons
 a - a +0 war axe (weapon)
Missiles
 o - 5 atropa-tipped darts (quivered)
Armour
 b - a +0 scale mail (worn)
 c - a +1 buckler (worn)
Wands
 p - a wand of digging (1)
Scrolls
 e - a scroll of immolation {unknown}
 i - a scroll of teleportation {unknown}
 j - a scroll of enchant armour
 k - 2 scrolls of fog {unknown}
 l - a scroll of vulnerability {unknown}
 m - a scroll of identify {unknown}
Potions
 d - 2 potions of cancellation {unknown}
 f - 2 potions of haste
 g - 2 potions of heal wounds {unknown}
 h - a potion of magic {unknown}
 n - a potion of berserk rage {unknown}


   Skills:
 + Level 5.7 Fighting
 * Level 6.7 Axes
 + Level 5.7 Armour
 + Level 5.7 Shields


You had 6 spell levels left.
You didn't know any spells.
Your spell library contained the following spells:

 Spells                   Type           Power      Damage    Failure   Level
 Iskenderun's Battlesphe  Conj           0%         2d6       100%        5
 Iron Shot                Conj/Erth      0%         9d1       100%        6
 Spellforged Servitor     Conj/Summ      Unusable   N/A       N/A         7

Dungeon Overview and Level Annotations

Branches:
Dungeon (5/15)             Temple (1/1) D:4

Altars:
Ashenzari
Cheibriados
Dithmenos
Fedhas
Nemelex Xobeh
Okawaru
Qazlal
Ru
Trog
Uskayaw
Yredelemnul


Innate Abilities, Weirdness & Mutations

You have a pair of horns on your head.
You reflexively headbutt those who attack you in melee.


Message History

Moving in this stuff is going to be slow.
You see here 4 stones.
Done exploring.
Done exploring.
No monsters, items or features are visible.
There is a large open translucent door here.
You enter the shallow water.
Moving in this stuff is going to be slow.
You enter the shallow water.
Moving in this stuff is going to be slow.
There is a stone staircase leading down here.
You climb downwards.
There is a stone staircase leading up here.
Found a stone staircase leading down.
A kobold skeleton comes into view.
An ogre comes into view. It is wielding a +0 giant club.
The kobold skeleton barely misses you. You furiously retaliate!
You headbutt the kobold skeleton!
You destroy the kobold skeleton!
Okawaru accepts your kill.
Okay, then.
You slash the ogre!
The ogre is heavily wounded.
The ogre hits you with a +0 giant club!
You closely miss the ogre.
The ogre is heavily wounded.
You hit the ogre but do no damage. Your headbutt misses the ogre.
The ogre is heavily wounded.
The ogre hits you with a +0 giant club!!
You barely miss the ogre.
The ogre is heavily wounded.
The ogre hits you with a +0 giant club!
* * * LOW HITPOINT WARNING * * *
You barely miss the ogre.
The ogre is heavily wounded.
The ogre hits you with a +0 giant club!
* * * LOW HITPOINT WARNING * * *
It was a potion of haste.
You feel yourself speed up.
The ogre hits you with a +0 giant club!!
You die...

..#### #...# .....####
####..##
........###......######
...#..................#
#######...........#
#...........##
#.............####..
#....................
#............@........
#............O....####
#..................#
........>.............
.............##..
..............+ .
.............##
.............


You could see an ogre.

Vanquished Creatures
  The ghost of lotum the Chopper, an amateur FoFi (D:4)
  Sigmund (D:2)
  A phantom (D:2)
  Crazy Yiuf (D:4)
  A jelly (D:4)
  An orc wizard (D:3)
  Natasha (twice) (D:2)
  Terence (D:2)
  An iguana (D:4)
  3 adders
  2 dart slugs
  18 orcs
  4 ball pythons
  5 endoplasms
  A giant cockroach (D:2)
  10 goblins
  8 hobgoblins
  6 quokkas
  4 bats
  3 frilled lizards
  7 kobolds
  A kobold skeleton (D:5)
82 creatures vanquished.

Vanquished Creatures (others)
  17 plants (D:4)
17 creatures vanquished.

Grand Total: 99 creatures vanquished

Notes
Turn   | Place    | Note
-------+----------+-------------------------------------------
     0 | D:1      | bmack86 the Minotaur Fighter began the quest for the Orb.
     0 | D:1      | Reached XP level 1. HP: 19/19 MP: 0/0
   175 | D:1      | Reached XP level 2. HP: 23/27 MP: 1/1
   277 | D:1      | Reached skill level 3 in Axes
   799 | D:2      | Noticed a phantom
   809 | D:2      | Killed a phantom
   810 | D:2      | Reached skill level 4 in Axes
   810 | D:2      | Reached XP level 3. HP: 20/33 MP: 2/2
   810 | D:2      | Reached XP level 4. HP: 24/40 MP: 3/3
   977 | D:2      | Noticed Sigmund
  1015 | D:2      | Killed Sigmund
  1016 | D:2      | Reached skill level 5 in Axes
  1016 | D:2      | Reached XP level 5. HP: 10/47 MP: 4/4
  1161 | D:2      | Noticed Terence
  1166 | D:2      | Killed Terence
  1167 | D:2      | Reached XP level 6. HP: 45/55 MP: 5/5
  1217 | D:2      | Found a faded altar of an unknown god.
  1300 | D:2      | Noticed Natasha
  1306 | D:2      | Killed Natasha
  1307 | D:2      | Reached skill level 5 in Fighting
  1307 | D:2      | Reached skill level 5 in Armour
  1307 | D:2      | Reached skill level 5 in Shields
  1390 | D:2      | You fall into a shaft and drop 2 floors!
  1628 | D:4      | Found a large runed translucent door.
  1628 | D:4      | Found a large runed translucent door.
  1639 | D:4      | Noticed lotum's ghost (amateur FoFi)
  1894 | D:2      | Noticed Natasha
  1902 | D:2      | Killed Natasha
  2266 | D:3      | Found a sacrificial altar of Ru.
  2721 | D:4      | Noticed a torpor snail
  2721 | D:4      | Noticed a torpor snail
  2724 | D:4      | Found a snail-covered altar of Cheibriados.
  2724 | D:4      | Noticed a torpor snail
  2962 | D:4      | Reached skill level 6 in Axes
  3137 | D:4      | Found a staircase to the Ecumenical Temple.
  3140 | D:4      | Reached XP level 7. HP: 61/61 MP: 6/6
  3154 | Temple   | Entered the Ecumenical Temple
  3167 | Temple   | Became a worshipper of Warmaster Okawaru
  3294 | D:4      | Found a runed translucent door.
  3295 | D:4      | Noticed Crazy Yiuf
  3304 | D:4      | Killed Crazy Yiuf
  3559 | D:4      | Killed lotum's ghost
  3667 | D:5      | Entered Level 5 of the Dungeon
  3728 | D:5      | HP: 1/62 [ogre/+0 giant club (13)]
  3729 | D:5      | Demolished by an ogre

Illustrated notes

Levels and vault maps discovered:
D:1:      elethiomel_arrival_maze, layout_basic
D:2:      layout_basic, hellmonk_ecumenical_altar_lost_god, uniq_sigmund,
          uniq_terence, uniq_natasha
D:3:      layout_loops_ring, hangedman_ru_absence
D:4:      layout_basic, cheibriados_altar_2, minmay_temple_entry_overgrown,
          ebering_ghost_disaster_area, serial_bayou_lagoon_a,
          chequers_serial_rivers_small_a,
          nicolae_concentric_dashed_squares_mild, kennysheep_generic_room_15,
          uniq_crazy_yiuf_cottage
D:5:      layout_layer_cave, nicolae_tso_besieged_by_evil
Temple:   nicolae_temple_x_marks_the_god

Skill      XL: |  1  2  3  4  5  6 |
---------------+-------------------+-----
Axes           | 4 5 6 |  6.7
Fighting       | 4 5 |  5.7
Armour         | 4 5 |  5.7
Shields        | 4 5 |  5.7

Action                   |  1- 3 |  4- 6 |  7- 9 || total
-------------------------+-------+-------+-------++-------
Melee: War axe           |    41 |   137 |    19 ||   197
       Headbutt          |     6 |    17 |     2 ||    25
  Use: Scroll            |     1 |       |       ||     1
       Potion            |       |     1 |     1 ||     2
Armor: Scale mail        |    17 |    69 |     1 ||    87
Dodge: Dodged            |    16 |    67 |     3 ||    86
Block: Buckler           |     8 |    41 |     2 ||    51

Table legend: (Time is in decaauts)
 A = Elapsed time spent in this place.
 B = Non-inter-level travel time spent in this place.
 C = Inter-level travel time spent in this place.
 D = Time resting spent in this place.
 E = Time spent auto-exploring this place.
 F = Levels seen in this place.
 G = Mean time per level.
                   A        B        C        D        E       F      G
               +--------+--------+--------+--------+--------+-----+--------+
         Total |   3801 |   3755 |     46 |    498 |   1978 |   6 |  633.5 |
       Dungeon |   3772 |   3726 |     46 |    498 |   1978 |   5 |  754.4 |
        Temple |     28 |     28 |      0 |      0 |      0 |   1 |   28.0 |
               +--------+--------+--------+--------+--------+-----+--------+

Top non-repeatable levels by time:
     D:4: 1337 daAuts
     D:2: 846 daAuts
     D:1: 811 daAuts
     D:3: 714 daAuts
     D:5: 62 daAuts
  Temple: 28 daAuts
